 Dungeon Crawl Stone Soup version 0.28-a0-421-gd1dd6c5fb5 (webtiles) character file.

Game seed: 13294316796980856818

9 Vird1s the Grave Robber (level 2, 20/20 HPs)
             Began as a Hill Orc Necromancer on Apr 27, 2021.
             Quit the game on level 1 of the Dungeon on Sept 8, 2021.
             The game lasted 00:18:18 (605 turns).

Vird1s the Grave Robber (Hill Orc Necromancer)       Turns: 605, Time: 00:18:19

Health: 20/20      AC: 14    Str: 10    XL:     2   Next: 16%
Magic:  4/4        EV:  4    Int: 15    God:
Gold:   30         SH:  0    Dex: 14    Spells: 3/4 levels left

rFire   . . .      SeeInvis .   d - +1 dagger
rCold   . . .      Faith    .   (no shield)
rNeg    . . .      Spirit   .   b - +3 chain mail
rPois   .          Reflect  .   (no helmet)
rElec   .          Harm     .   (no cloak)
rCorr   .          Rampage  .   e - +2 pair of gloves {Dex+3}
Will    .....                   (no boots)
Stlth   ..........              (no amulet)
HPRegen 0.06/turn               (no ring)
MPRegen 0.09/turn               (no ring)

@: no status effects
A: no striking features
a: no special abilities


You were on level 1 of the Dungeon.
You visited 1 branch of the dungeon, and saw 1 of its levels.

You collected 30 gold pieces.

Inventory:

Hand Weapons
 d - a +1 dagger (weapon)
 g - a +0 club
Missiles
 i - 5 poisoned darts (quivered)
Armour
 a - a +0 robe
 b - a +3 chain mail (worn)
 e - a +2 pair of gloves of dexterity (worn)
Scrolls
 c - a scroll of silence
 f - 2 scrolls of enchant weapon
 h - a scroll of blinking {unknown}


   Skills:
 + Level 0.1 Fighting
 + Level 2.0 Dodging
 + Level 1.5 Stealth
 + Level 1.5 Spellcasting
 + Level 4.2 Necromancy


You had 3 spell levels left.
You knew the following spells:

 Your Spells              Type           Power      Damage    Failure   Level
a - Pain                  Necr           52%        1d6       98%         1

Your spell library contained the following spells:

 Spells                   Type           Power      Damage    Failure   Level
 Animate Skeleton         Necr           26%        N/A       98%         1
 Ensorcelled Hibernation  Hex/Ice        2%         N/A       100%        2
 Tukima's Dance           Hex            1%         N/A       100%        3
 Vampiric Draining        Necr           6%         2d6       100%        3
 Animate Dead             Necr           6%         N/A       100%        4
 Agony                    Necr           13%        N/A       100%        5


Dungeon Overview and Level Annotations

Branches:
Dungeon (1/15)

Altars:


Message History

You swing at nothing.
You swing at nothing.
You swing at nothing.
You swing at nothing.
You swing at nothing.
You swing at nothing.
You swing at nothing.
You swing at nothing.
You swing at nothing.
You swing at nothing.
You swing at nothing.
You swing at nothing.
You swing at nothing.
You swing at nothing.
You swing at nothing.
You swing at nothing.
You swing at nothing.
You swing at nothing.
You swing at nothing.
You swing at nothing.
You swing at nothing.
Okay, then.
You swing at nothing.
You swing at nothing.
Welcome back, Vird1s the Hill Orc Necromancer.
Press ? for a list of commands and other information.
Unknown command.
Are you sure you want to abandon this character and quit the game? (Confirm with "yes".)

#..# # ........ #.
..#.... #..
..#...###########
#..#####.#...#..........
#......#.#)..###.#######
#....#.#.#.....#.#
#..............#.########
..#....@#.#.).#.........
#..............#.........
#.#######.##..##.........
....#.............
###.....#..........
#.####..........#
#...............#
#####.#.#.#######
#.............###


There were no monsters in sight!

Vanquished Creatures
  A bat (D:1)
  2 giant cockroaches (D:1)
  A hobgoblin (D:1)
  A frilled lizard (D:1)
  3 goblins (D:1)
8 creatures vanquished.

Notes
Turn   | Place    | Note
-------+----------+-------------------------------------------
     0 | D:1      | Vird1s the Hill Orc Necromancer began the quest for the
                  | Orb.
     0 | D:1      | Reached XP level 1. HP: 14/14 MP: 3/3
   345 | D:1      | Upgraded the game from 0.27-a0-1087-gf39c287674 to
                  | 0.28-a0-421-gd1dd6c5fb5
   524 | D:1      | Identified a scroll of acquirement
   524 | D:1      | Acquired a +2 pair of gloves of dexterity
   527 | D:1      | Reached XP level 2. HP: 20/20 MP: 4/4
   605 | D:1      | Quit the game

Illustrated notes

Levels and vault maps discovered:
D:1:      dpeg_arrival_boxorama, layout_basic

Skill      XL: |  1  2 |
---------------+-------+-----
Dodging        | 2 |  2.0
Fighting       | |  0.1
Stealth        | |  1.5
Spellcasting   | |  1.5
Necromancy     | |  4.2

Action                   || total
-------------------------++-------
Melee: Dagger            ||    39
       Unarmed           ||     4
  Use: Scroll            ||     3
Armor: Chain mail        ||    67
Dodge: Dodged            ||    16

Table legend: (Time is in decaauts)
 A = Elapsed time spent in this place.
 B = Non-inter-level travel time spent in this place.
 C = Inter-level travel time spent in this place.
 D = Time resting spent in this place.
 E = Time spent auto-exploring this place.
 F = Levels seen in this place.
 G = Mean time per level.
                   A        B        C        D        E       F      G
               +--------+--------+--------+--------+--------+-----+--------+
         Total |    604 |    577 |     27 |    100 |      0 |   1 |  604.0 |
       Dungeon |    604 |    577 |     27 |    100 |      0 |   1 |  604.0 |
               +--------+--------+--------+--------+--------+-----+--------+

Top non-repeatable levels by time:
     D:1: 604 daAuts
